AoeStats
← yunusmujde

Lombardia

508764257Analyzed
3v3 RM · 9d ago on Sep 24, 2026· 47m 9s· 6 players
Game mode
Random Map
Map size
Normal (6 player)
Population
200
Speed
Normal
Resources
Standard
Victory
Conquest
Starting age
Dark Age
Ending age
Imperial Age
RankedLock teamsTeams togetherTeam positionsShared explorationLock speedFull tech treeHidden civsTurbo modeCheats
Victory
Defeat
🇨🇦 Franks · Canada
795
+14
🇹🇷 Goths · Türkiye
795
+14
🇨🇦 Mongols · Canada
779
+14
🇺🇸 Celts · United States
782
-16
🇺🇸 Maya · United States
781
-15
🇺🇸 Magyars · United States
680
-22
PatBateman7156
10:53 Feudal Age
15:52 Castle Age
15:02 Loom
22:24 Double-Bit Axe
22:24 Horse Collar
23:24 Husbandry
31:23 Wheelbarrow
32:45 Ballistics
33:07 Hand Cart
33:38 Heavy Plow
33:45 Town Watch
34:28 Murder Holes
34:53 Padded Archer Armor
34:44 Fletching
35:22 Town Patrol
36:04 Masonry
36:17 Leather Archer Armor
39:02 Bodkin Arrow
39:18 Forging
39:22 Bloodlines
41:55 Imperial Age
40:05 Scale Barding Armor
40:22 Bow Saw
41:47 Iron Casting
42:24 Capped Ram
44:04 Bracer
45:05 Blast Furnace
44:25 Chain Barding Armor
44:14 Thumb Ring
44:41 Parthian Tactics
44:45 Conscription
44:19 Elite Mangudai
44:55 Gold Mining
45:58 Drill
45:52 Siege Ram
47:35 Chemistry
47:12 Siege Engineers
BlackKnight_01
2:18 Loom
12:35 Feudal Age
14:32 Wheelbarrow
13:48 Double-Bit Axe
14:15 Gold Mining
14:31 Stone Mining
17:53 Fletching
18:09 Scale Barding Armor
18:15 Forging
24:41 Castle Age
25:45 Hand Cart
25:46 Bow Saw
26:14 Gold Shaft Mining
25:37 Bodkin Arrow
26:47 Iron Casting
27:25 Chain Barding Armor
29:37 Husbandry
34:52 Imperial Age
36:50 Plate Barding Armor
37:16 Blast Furnace
35:39 Cavalier
36:43 Conscription
37:07 Paladin
yunusmujde
12:53 Feudal Age
14:09 Wheelbarrow
13:16 Horse Collar
13:24 Double-Bit Axe
13:30 Gold Mining
18:24 Castle Age
17:32 Stone Mining
19:27 Hand Cart
19:16 Heavy Plow
19:27 Bow Saw
33:26 Imperial Age
30:58 Anarchy
31:11 Forging
31:02 Scale Mail Armor
31:04 Squires
33:04 Iron Casting
32:46 Chain Mail Armor
33:27 Elite Huskarl
34:08 Perfusion
34:29 Conscription
35:10 Blast Furnace
35:26 Crop Rotation
36:02 Two-Man Saw
Furious Destroyer
6:51 Loom
14:22 Feudal Age
16:03 Horse Collar
16:10 Double-Bit Axe
21:33 Castle Age
23:31 Scale Barding Armor
25:20 Light Cavalry
27:49 Bow Saw
28:55 Chain Barding Armor
32:02 Wheelbarrow
38:39 Imperial Age
36:36 Bloodlines
36:27 Husbandry
40:59 Hussar
SimonAM
6:41 Loom
11:34 Feudal Age
11:44 Man-at-Arms
14:55 Double-Bit Axe
16:35 Wheelbarrow
18:26 Horse Collar
23:58 Castle Age
24:11 Pikeman
25:31 Scale Mail Armor
31:31 Arson
32:25 Hand Cart
32:36 Long Swordsman
34:02 Bow Saw
33:55 Heavy Plow
35:51 Chain Mail Armor
35:47 Forging
39:34 Gold Mining
39:45 Gambesons
40:58 Gold Shaft Mining
44:31 Imperial Age
43:03 Iron Casting
44:53 Halberdier
44:55 Two-Handed Swordsman
45:01 Halberdier
marin
8:07 Loom
10:54 Feudal Age
12:27 Wheelbarrow
12:19 Double-Bit Axe
17:07 Castle Age
15:30 Horse Collar
15:54 Fletching
18:53 Crossbowman
22:16 Hand Cart
22:44 Bow Saw
25:23 Thumb Ring
27:35 Ballistics
29:11 Bodkin Arrow
29:19 Padded Archer Armor
29:48 Gold Mining
36:00 Leather Archer Armor
38:41 Imperial Age
35:59 Town Watch
38:56 Arbalester
39:06 Arbalester
41:23 Chemistry
40:27 Bracer
40:58 Ring Archer Armor
Connection lost

Rejoining the realm…

Still unreachable

The connection could not be restored.

Session expired

The server has moved on; the page needs a fresh start.